 Dungeon Crawl Stone Soup version 0.28.0-53-g5a82cb258f (webtiles) character file.

Game seed: 5589712232665676809

51 Zeld the Chopper (level 3, -8/34 HPs)
             Began as a Minotaur Berserker on May 24, 2022.
             Was a Follower of Trog.
             Mangled by Sigmund
             ... wielding a +2 scythe of protection
              (9 damage)
             ... on level 2 of the Dungeon.
             The game lasted 00:01:55 (2765 turns).

Zeld the Chopper (Minotaur Berserker)               Turns: 2765, Time: 00:01:55

Health: -8/34      AC:  2    Str: 23    XL:     3   Next: 57%
Magic:  2/2        EV: 12    Int:  4    God:    Trog [*.....]
Gold:   47         SH:  0    Dex:  9    Spells: 2/2 levels left

rFire   . . .      SeeInvis .   a - +0 hand axe
rCold   . . .      Faith    .   (no shield)
rNeg    . . .      Spirit   .   b - +0 animal skin
rPois   .          Reflect  .   (helmet restricted)
rElec   .          Harm     .   (no cloak)
rCorr   .          Rampage  .   (no gloves)
Will    .....                   (no boots)
Stlth   +.........              (no amulet)
HPRegen 0.11/turn               (no ring)
MPRegen 0.08/turn               (no ring)

@: confused
A: horns 2, retaliatory headbutt
a: Renounce Religion, Berserk


You were on level 2 of the Dungeon.
You worshipped Trog.
Trog was aware of your devotion.
You visited 1 branch of the dungeon, and saw 2 of its levels.

You collected 47 gold pieces.

Inventory:

Hand Weapons
 a - a +0 hand axe (weapon)
Armour
 b - a +0 animal skin (worn)
Scrolls
 c - 3 scrolls of teleportation {unknown}
 d - a scroll of fog {unknown}
 e - a scroll of magic mapping {unknown}
 f - a scroll of silence {unknown}
 g - 2 scrolls of immolation {unknown}
 h - 3 scrolls of identify {unknown}
 i - a scroll of fear {unknown}
 j - a scroll of amnesia {unknown}
 k - a scroll of noise {unknown}
 n - 2 scrolls of summoning {unknown}
 o - a scroll of enchant armour {unknown}
Potions
 l - 2 potions of mutation {unknown}
 m - a potion of cancellation {unknown}


   Skills:
 * Level 4.3 Fighting
 * Level 4.4 Axes
 + Level 3.0 Armour
 + Level 2.6 Dodging


You had 2 spell levels left.
You didn't know any spells.
Your spell library was empty.

Dungeon Overview and Level Annotations

Branches:
Dungeon (2/15)

Altars:
Trog

Annotations:
D:2 Sigmund


Innate Abilities, Weirdness & Mutations

You have a pair of horns on your head.
You reflexively headbutt those who attack you in melee.


Message History

You slash Sigmund! Your headbutt misses Sigmund.
Sigmund is heavily wounded.
Sigmund misses you.
You barely miss Sigmund.
Sigmund is heavily wounded.
You closely miss Sigmund.
Sigmund is heavily wounded.
Sigmund casts a spell at you. The magic dart hits you.
You hit Sigmund.
Sigmund is severely wounded.
Sigmund hits you with a +2 scythe of protection!
You are too injured to fight recklessly!
You are too injured to fight recklessly!
You barely miss Sigmund. You headbutt Sigmund, but do no damage.
Sigmund is severely wounded.
Sigmund closely misses you.
You closely miss Sigmund. Your headbutt misses Sigmund.
Sigmund is severely wounded.
Sigmund casts a spell at you. The magic dart hits you!
* * * LOW HITPOINT WARNING * * *
You hit Sigmund but do no damage.
Sigmund is heavily wounded.
Sigmund misses you. You furiously retaliate!
You headbutt Sigmund.
Unknown command.
You hit Sigmund but do no damage.
Sigmund is severely wounded.
You closely miss Sigmund.
Sigmund is severely wounded.
Sigmund points at you and mumbles some strange words.
You are confused.
Unknown command.
You bump into the rock wall.
Sigmund hits you with a +2 scythe of protection.
* * * LOW HITPOINT WARNING * * *
Unknown command.
You bump into the rock wall.
Sigmund hits you with a +2 scythe of protection!
You die...

#################
#####...............#
.......############.#
#####..# #.# # #..#
#####.########## #
#..# #@@<...........#
# #..# #.#######.###
# #>(########.####
#.#
#####..†...........#
#.#
......#########.##.#
#.# ####### #.##.#
#.# #.##.# #.#
####### #.##.####.#
......# #.........#


You could see Sigmund.

Vanquished Creatures
  A gnoll (D:1)
  3 dart slugs
  A bat (D:1)
  2 endoplasms (D:1)
  2 giant cockroaches
  4 goblins
  5 hobgoblins
  2 jackals (D:1)
  2 quokkas
  A ball python (D:1)
  6 kobolds
  3 rats
32 creatures vanquished.

Notes
Turn   | Place    | Note
-------+----------+-------------------------------------------
     0 | D:1      | Zeld the Minotaur Berserker began the quest for the Orb.
     0 | D:1      | Reached XP level 1. HP: 19/19 MP: 0/0
   348 | D:1      | Reached XP level 2. HP: 25/27 MP: 1/1
   961 | D:1      | Reached XP level 3. HP: 21/33 MP: 2/2
  1492 | D:2      | Noticed Sigmund
  2079 | D:2      | Found a bloodstained altar of Trog.
  2764 | D:2      | HP: 1/34 [Sigmund/+2 scythe of protection (2)]
  2765 | D:2      | Mangled by Sigmund

Illustrated notes

Levels and vault maps discovered:
D:1:      heliophobic_arrival_dark_side_of_the_moon, layout_loops_ring,
          minmay_domino_2
D:2:      layout_loops_ring, basic_altar, glass_columns_a,
          minmay_goblin_kobold_house, uniq_sigmund

Skill      XL: |  1  2  3 |
---------------+----------+-----
Fighting       | 4 |  4.3
Axes           | 4 |  4.4
Armour         | 3 |  3.0
Dodging        | |  2.6

Action                   || total
-------------------------++-------
Melee: Hand axe          ||    77
       Headbutt          ||     8
       Punch             ||     1
Armor: Animal skin       ||     6
Dodge: Dodged            ||    62
